 Dungeon Crawl Stone Soup version 0.28.0-43-g3370ac3207 (webtiles) character file.

Game seed: 16711142449821180624

121 Ablot the Grasshopper (level 5, -3/43 HPs)
             Began as a Gnoll Warper on Mar 5, 2022.
             Slain by a sky beast (5 damage)
             ... on level 3 of the Dungeon.
             The game lasted 00:02:15 (2341 turns).

Ablot the Grasshopper (Gnoll Warper)                Turns: 2341, Time: 00:02:15

Health: -3/43      AC:  4    Str: 12    XL:     5   Next: 5%
Magic:  12/12      EV: 12    Int: 13    God:
Gold:   82         SH:  0    Dex: 11    Spells: 12/14 levels left

rFire   . . .      SeeInvis .   a - +0 trident
rCold   . . .      Faith    .   (no shield)
rNeg    . . .      Spirit   .   b - +0 leather armour
rPois   .          Reflect  .   (no helmet)
rElec   .          Harm     .   (no cloak)
rCorr   .          Rampage  .   (no gloves)
Will    .....                   l - +0 pair of boots
Stlth   +.........              (no amulet)
HPRegen 0.14/turn               (no ring)
MPRegen 0.13/turn               (no ring)

@: no status effects
A: fangs 1, strong nose, distributed training
a: no special abilities


You were on level 3 of the Dungeon.
You visited 1 branch of the dungeon, and saw 3 of its levels.

You collected 82 gold pieces.

Inventory:

Hand Weapons
 a - a +0 trident (weapon)
Missiles
 d - 5 boomerangs of dispersal (quivered)
 g - 7 sling bullets
 h - 86 stones
 i - 19 bolts
 r - 3 poisoned darts
Armour
 b - a +0 leather armour (worn)
 l - a +0 pair of boots (worn)
Wands
 n - a wand of acid (4)
Scrolls
 c - a scroll of blinking
 f - a scroll of enchant armour {unknown}
 k - 3 scrolls of identify {unknown}
 m - a scroll of teleportation {unknown}
 q - 2 scrolls of enchant weapon {unknown}
 s - a scroll of magic mapping {unknown}
 u - a scroll of fear {unknown}
Potions
 e - 2 potions of mutation {unknown}
 j - a potion of curing {unknown}
 o - a potion of berserk rage {unknown}
 p - a potion of attraction {unknown}
 t - a potion of ambrosia {unknown}


   Skills:
 + Level 4.7 Fighting
 + Level 1.3 Short Blades
 + Level 1.3 Long Blades
 + Level 1.3 Axes
 + Level 1.3 Maces & Flails
 + Level 4.7 Polearms
 + Level 1.3 Staves
 + Level 1.3 Slings
 + Level 1.3 Bows
 + Level 1.3 Crossbows
 + Level 2.8 Throwing
 + Level 2.8 Armour
 + Level 4.7 Dodging
 + Level 1.3 Stealth
 + Level 1.3 Shields
 + Level 1.3 Unarmed Combat
 + Level 5.1 Spellcasting
 + Level 1.0 Conjurations
 + Level 1.0 Hexes
 + Level 1.0 Summonings
 + Level 1.0 Necromancy
 + Level 5.5 Translocations
 + Level 1.0 Transmutations
 + Level 1.0 Fire Magic
 + Level 1.0 Ice Magic
 + Level 1.0 Air Magic
 + Level 1.0 Earth Magic
 + Level 1.0 Poison Magic
 + Level 1.4 Invocations
 + Level 1.3 Evocations


You had 12 spell levels left.
You knew the following spells:

 Your Spells              Type           Power      Damage    Failure   Level
a - Blink                 Tloc           34%        N/A       3%          2

Your spell library contained the following spells:

 Spells                   Type           Power      Damage    Failure   Level
 Gell's Gravitas          Tloc           17%        N/A       8%          3
 Lesser Beckoning         Tloc           17%        N/A       8%          3
 Teleport Other           Tloc           17%        N/A       8%          3
 Manifold Assault         Tloc           17%        N/A       56%         5


Dungeon Overview and Level Annotations

Branches:
Dungeon (3/15)

Altars:
Dithmenos

Shops:
D:3 (


Innate Abilities, Weirdness & Mutations

You have very sharp teeth.
Your uncanny sense of smell can sniff out nearby items.
Your experience applies equally to all skills.


Message History

You hit something. Something hits you but does no damage.
You miss something.
A sky beast appears from thin air!
Reactivating autopickup.
The sky beast closely misses you.
You closely miss the sky beast.
The sky beast is moderately wounded.
The sky beast hits you but does no damage.
You barely miss the sky beast.
The sky beast is moderately wounded.
The sky beast hits you but does no damage.
You miss the sky beast.
The sky beast is moderately wounded.
The sky beast hits you but does no damage.
You closely miss the sky beast.
The sky beast is moderately wounded.
The sky beast misses you.
You hit the sky beast but do no damage.
The sky beast is moderately wounded.
The sky beast closely misses you.
You puncture the sky beast!
You bite the sky beast, but do no damage.
The sky beast is heavily wounded.
The sky beast flickers out of sight!
Deactivating autopickup; reactivate with Ctrl-A.
Something hits you. Something shocks you.
You miss something.
A sky beast appears from thin air!
Reactivating autopickup.
The sky beast barely misses you.
You barely miss the sky beast. Your bite misses the sky beast.
The sky beast is heavily wounded.
The sky beast flickers out of sight!
Deactivating autopickup; reactivate with Ctrl-A.
Something hits you.
* * * LOW HITPOINT WARNING * * *
Something shocks you.
* * * LOW HITPOINT WARNING * * *
You miss something. Something hits you.
* * * LOW HITPOINT WARNING * * *
Something shocks you.
You die...

#.# ##.## ## #.#
#.## # #.# ##.## ##
#.# ##.###. #.####
##.#.#
##.##.###########
##..#
###...............#
####.#
#...).......# #
#.....
#.#...#.###@# #.#
#.##.# #.##.##.#
#{# ...# #.##.# #
#.##.###.##....##
#.##.#
.#.#.##.........#
#.#..# .#
#.....$.......#
#.#.## .#
.#.##.........#
#.#.# #.
#.###.##....##
#.#.## #.# ....#
#.#... ..# #.#...
####


There were no monsters in sight!

Vanquished Creatures
  A jelly (D:3)
  4 adders
  2 dart slugs
  5 ball pythons
  3 bats
  5 endoplasms
  2 giant cockroaches
  3 goblins
  6 hobgoblins
  4 jackals (D:1)
  2 quokkas (D:2)
  7 frilled lizards
  4 kobolds (D:1)
  3 rats
51 creatures vanquished.

Notes
Turn   | Place    | Note
-------+----------+-------------------------------------------
     0 | D:1      | Ablot the Gnoll Warper began the quest for the Orb.
     0 | D:1      | Reached XP level 1. HP: 20/20 MP: 6/6
    74 | D:1      | Reached XP level 2. HP: 24/26 MP: 7/7
    83 | D:1      | Learned a level 2 spell: Blink
   571 | D:1      | Reached XP level 3. HP: 20/31 MP: 9/9
   743 | D:1      | Reached skill level 5 in Spellcasting
   950 | D:1      | Found a faded altar of an unknown god.
  1177 | D:2      | Found a shadowy altar of Dithmenos.
  1298 | D:2      | Reached skill level 1 in Invocations
  1430 | D:2      | Reached skill level 1 in Short Blades
  1430 | D:2      | Reached skill level 1 in Long Blades
  1430 | D:2      | Reached skill level 1 in Axes
  1430 | D:2      | Reached skill level 1 in Maces & Flails
  1430 | D:2      | Reached skill level 1 in Staves
  1430 | D:2      | Reached skill level 1 in Slings
  1430 | D:2      | Reached skill level 1 in Bows
  1430 | D:2      | Reached skill level 1 in Crossbows
  1430 | D:2      | Reached skill level 1 in Stealth
  1430 | D:2      | Reached skill level 1 in Shields
  1430 | D:2      | Reached skill level 1 in Unarmed Combat
  1430 | D:2      | Reached skill level 1 in Evocations
  1430 | D:2      | Reached XP level 4. HP: 36/38 MP: 11/11
  1926 | D:3      | Reached skill level 1 in Conjurations
  1926 | D:3      | Reached skill level 1 in Hexes
  1926 | D:3      | Reached skill level 1 in Summonings
  1926 | D:3      | Reached skill level 1 in Necromancy
  1926 | D:3      | Reached skill level 1 in Transmutations
  1926 | D:3      | Reached skill level 1 in Fire Magic
  1926 | D:3      | Reached skill level 1 in Ice Magic
  1926 | D:3      | Reached skill level 1 in Air Magic
  1926 | D:3      | Reached skill level 1 in Earth Magic
  1926 | D:3      | Reached skill level 1 in Poison Magic
  2207 | D:3      | Found Naetzad's Weapon Shoppe.
  2321 | D:3      | Noticed a sky beast
  2326 | D:3      | Reached XP level 5. HP: 28/43 MP: 12/12
  2341 | D:3      | HP: 2/43 [something (3)]
  2341 | D:3      | Slain by a sky beast

Illustrated notes

Levels and vault maps discovered:
D:1:      scummos_arrival_checkerplants, layout_basic,
          shapermc_ecumenical_altar_pompeii
D:2:      layout_rooms, basic_altar
D:3:      layout_loops_ring, serial_shops, nicolae_shop_advertising_works
          [nicolae_subvault_shop_adworks]

Skill      XL: |  1  2  3  4 |
---------------+-------------+-----
Spellcasting   | 5 |  5.1
Invocations    | 1 |  1.4
Short Blades   | 1 |  1.3
Long Blades    | 1 |  1.3
Axes           | 1 |  1.3
Maces & Flails | 1 |  1.3
Staves         | 1 |  1.3
Slings         | 1 |  1.3
Bows           | 1 |  1.3
Crossbows      | 1 |  1.3
Stealth        | 1 |  1.3
Shields        | 1 |  1.3
Unarmed Combat | 1 |  1.3
Evocations     | 1 |  1.3
Conjurations   | 1 |  1.0
Hexes          | 1 |  1.0
Summonings     | 1 |  1.0
Necromancy     | 1 |  1.0
Transmutations | 1 |  1.0
Fire Magic     | 1 |  1.0
Ice Magic      | 1 |  1.0
Air Magic      | 1 |  1.0
Earth Magic    | 1 |  1.0
Poison Magic   | 1 |  1.0
Fighting       | |  4.7
Polearms       | |  4.7
Throwing       | |  2.8
Armour         | |  2.8
Dodging        | |  4.7
Translocations | |  5.5

Action                   |  1- 3 |  4- 6 || total
-------------------------+-------+-------++-------
Melee: Spear             |   129 |       ||   129
       Bite              |    13 |     5 ||    18
       Punch             |     4 |     3 ||     7
       Trident           |    26 |    66 ||    92
 Stab: Sleeping          |     2 |     1 ||     3
Armor: Leather armour    |    32 |    15 ||    47
Dodge: Dodged            |    83 |    29 ||   112
